 Dungeon Sprint DCSS version 0.23.0 (webtiles) character file.

Game seed: 9488110452460830591

1575 nuthulu the Bludgeoner (level 8, -15/56 HPs)
             Began as a Demonspawn Gladiator on Feb 11, 2019.
             Was a High Priest of Makhleb.
             Demolished by a tentacled starspawn (23 damage)
             ... in the Dungeon (Sprint V: "Ziggurat Sprint").
             The game lasted 00:02:37 (208 turns).

nuthulu the Bludgeoner (Demonspawn Gladiator)        Turns: 208, Time: 00:02:38

Health: -15/56     AC: 28    Str: 28    XL:     8   Next: 60%
Magic:  8/8        EV:  5    Int: 11    God:    Makhleb [*****.]
Gold:   0          SH:  5    Dex: 14    Spells: 7/7 levels left

rFire    . . .     SeeInvis .   F - +10 dark maul {crush}
rCold    . . .     Gourm    .   (shield currently unavailable)
rNeg     . . .     Faith    .   G - +15 Maxwell's patent armour {-Cast -Tele rElec MR+ rCorr}
rPois    .         Spirit   .   (helmet restricted)
rElec    +         Reflect  +   (no cloak)
rCorr    +         Harm     .   (no gloves)
MR       +....     NoTele   +   (no boots) Stlth ..........NoCast +
                                I - +5 amulet of reflection
HPRegen  0.18/turn              A - +6 ring of strength
MPRegen  0.11/turn              B - +6 ring of strength

@: constricted
A: horns 1, thin metallic scales 2, nightstalker 1
a: Minor Destruction, Lesser Servant of Makhleb, Major Destruction, Greater
Servant of Makhleb, Renounce Religion


You were in the Dungeon.
You worshipped Makhleb.
Makhleb was extremely pleased with you.
You were not hungry.

You visited 1 branch

Inventory:

Hand Weapons
 a - a +0 flail
 F - the +10 dark maul (weapon) {crush}
   (You found it in the Dungeon)

   It inflicts extra damage upon your enemies.
Missiles
 d - 3 throwing nets (quivered)
Armour
 b - a +0 leather armour
 c - a +0 helmet
 G - the +15 Maxwell's patent armour (worn) {-Cast -Tele rElec MR+ rCorr}
   (You found it in the Dungeon)

   It insulates you from electricity.
   It affects your resistance to hostile enchantments.
   It prevents spellcasting.
   It prevents most forms of teleportation.
   It provides partial protection from all sources of acid and corrosion.
 H - the +18 shield of the Gong {rElec rN+ MR+ EV-5}
   (You found it in the Dungeon)

   It affects your evasion (-5).
   It insulates you from electricity.
   It protects you from negative energy.
   It affects your resistance to hostile enchantments.
Jewellery
 o - an uncursed ring of positive energy
 w - a +6 ring of dexterity
 x - a +6 ring of dexterity
 y - a +6 ring of intelligence
 z - a +6 ring of intelligence
 A - a +6 ring of strength (left hand)
 B - a +6 ring of strength (right hand)
 I - a +5 amulet of reflection (around neck)
Wands
 C - a wand of disintegration (7)
 D - a wand of iceblast (7)
 E - a wand of acid (7)
Scrolls
 k - 4 scrolls of blinking
 r - 4 scrolls of amnesia
 s - 7 scrolls of fog
 t - 5 scrolls of identify
 u - 5 scrolls of remove curse
 v - 2 scrolls of fear
Potions
 e - 10 potions of curing
 g - 10 potions of heal wounds
 h - 6 potions of haste
 i - 7 potions of magic
 j - 3 potions of berserk rage
 l - 2 potions of brilliance
 m - 2 potions of invisibility
 n - 4 potions of resistance
 p - 6 potions of agility
 q - 5 potions of might
Comestibles
 f - 7 rations


   Skills:
 - Level 2.0 Fighting
 * Level 16.8 Maces & Flails
 - Level 1.7 Throwing
 - Level 1.1 Armour
 - Level 2.6 Dodging


You had 7 spell levels left.
You didn't know any spells.
Your spell library was empty.

Dungeon Overview and Level Annotations

Branches:
Dungeon (1/1)

Altars:
Ashenzari
Cheibriados
Dithmenos
Elyvilon
Fedhas
Gozag
Hepliaklqana
Kikubaaqudgha
Makhleb
Nemelex Xobeh
Okawaru
Qazlal
Ru
Sif Muna
Trog
Uskayaw
Vehumet
Wu Jian
Xom
Yredelemnul
Zin
The Shining One
Beogh
Jiyva
Lugonu


Innate Abilities, Weirdness & Mutations

You have a pair of small horns on your head.
You are mostly covered in thin metallic scales. (AC +3)
You are slightly more attuned to the shadows.


Message History

The ufetubus hits you but does no damage. x2
Unknown command.
You barely miss the tentacled starspawn.
The starspawn tentacle loses its grip on you.
The tentacled starspawn is moderately damaged.
The thrashing horror completely misses you.
The thrashing horror closely misses you.
The ufetubus hits you but does no damage. x2
The tentacled starspawn bites you!
* * * LOW HITPOINT WARNING * * *
The tentacled starspawn engulfs you.
* * * LOW HITPOINT WARNING * * *
The starspawn tentacle grabs you. The starspawn tentacle constricts you.
You block the ufetubus's attack.
The ufetubus hits you but does no damage.
The tentacled starspawn bites you but does no damage.
The tentacled starspawn engulfs you but does no damage.
The ufetubus hits you but does no damage. x2
The starspawn tentacle constricts you. The tentacled starspawn bites you!!
You die...

▓▓▓▓▓▓▓▓▓▓▓▓▓▓▓▓▓▓▓
▓..})...▓ ▓..|):..▓
▓.......▓ ▓.......▓
▓....5..▓ ▓...5Xw.▓
▓.▓.5@▓.▓ ▓..X©...▓
▓▓▓▓▓▓▓▓▓


You could see a tentacled starspawn, a thrashing horror, a starspawn tentacle,
an iron imp, a shadow imp and an ufetubus.

Vanquished Creatures
  A sun demon (D)
  A rust devil (D)
  A polar bear (D)
  2 eyes of draining (D)
  A small abomination (D)
  3 quasits (D)
  2 iron imps (D)
  2 mummies (D)
  A shadow imp (D)
  3 oozes (D)
  An adder skeleton (D)
  A giant cockroach simulacrum (D)
  A starspawn tentacle (D)
20 creatures vanquished.

Notes
Turn   | Place    | Note
-------+----------+-------------------------------------------
     0 | D        | Found the +6 Majin-Bo {vamp, Archmagi MP+6 Int+6}
     0 | D        | Found the +7 great mace "Firestarter" {inner flame, rF++}
     0 | D        | nuthulu the Demonspawn Gladiator began the quest for the
                  | Orb.
     0 | D        | Reached XP level 1. HP: 16/16 MP: 1/1
     0 | D        | Found a deep blue altar of Sif Muna.
     0 | D        | Found a sacrificial altar of Ru.
     0 | D        | Found a bloodstained altar of Trog.
     0 | D        | Found a stormy altar of Qazlal.
     0 | D        | Found an iron altar of Okawaru.
     0 | D        | Found a sparkling altar of Nemelex Xobeh.
     0 | D        | Found a blossoming altar of Fedhas.
     2 | D        | Found a transporter.
     2 | D        | Found an ancient bone altar of Kikubaaqudgha.
     2 | D        | Found a viscous altar of Jiyva.
     2 | D        | Found a corrupted altar of Lugonu.
     2 | D        | Found a hazy altar of Hepliaklqana.
     2 | D        | Found a burning altar of Makhleb.
     2 | D        | Found an opulent altar of Gozag.
    21 | D        | Found the +9 heavy crossbow "Sniper" {velocity, Acc+∞ SInv}
    21 | D        | Found the +10 dark maul {crush}
    21 | D        | Found the +15 Maxwell's patent armour {-Cast -Tele rElec
                  | MR+ rCorr}
    21 | D        | Found the +18 shield of the Gong {rElec rN+ MR+ EV-5}
    21 | D        | Found the cursed +14 obsidian axe {chop, +Fly SInv *Curse}
    23 | D        | Found the +6 shillelagh "Devastator" {shatter}
    23 | D        | Found the +11 plutonium sword {*Contam Stlth-}
    23 | D        | Found the +8 lance "Wyrmbane" {slay drac, rPois rF+ rC+
                  | AC+3}
    23 | D        | Found the +9 sword of Zonguldrok {reap}
    23 | D        | Found the cursed +13 scythe of Curses {drain, *Curse}
    23 | D        | Found the +0 sword of Power
    23 | D        | Found the +7 mace of Variability {chain chaos}
    23 | D        | Found the +7 Singing Sword {slice, sonic wave}
    23 | D        | Found the +7 longbow "Piercer" {penet, EV-2}
    27 | D        | Reached skill level 7 in Maces & Flails
    27 | D        | Gained mutation: You are partially covered in thin metallic
                  | scales. (AC +2) [demonic ancestry]
    27 | D        | Reached XP level 2. HP: 22/22 MP: 2/2
    68 | D        | Became a worshipper of Makhleb the Destroyer
    76 | D        | Entered arena 2.
    76 | D        | Noticed a polar bear
    76 | D        | Found a transporter.
    78 | D        | Killed a polar bear
    78 | D        | Reached skill level 11 in Maces & Flails
    78 | D        | Gained mutation: You are mostly covered in thin metallic
                  | scales. (AC +3) [demonic ancestry]
    78 | D        | Reached XP level 3. HP: 27/27 MP: 3/3
    78 | D        | Reached XP level 4. HP: 33/33 MP: 4/4
    78 | D        | Gained mutation: You are slightly more attuned to the
                  | shadows. [demonic ancestry]
    78 | D        | Reached XP level 5. HP: 38/38 MP: 5/5
    85 | D        | Entered arena 3.
    85 | D        | Found a transporter.
    88 | D        | Reached * piety under Makhleb
    91 | D        | Reached skill level 12 in Maces & Flails
    96 | D        | Entered arena 4.
    96 | D        | Noticed a rust devil
    96 | D        | Noticed a sun demon
    96 | D        | Found a transporter.
    98 | D        | Killed a sun demon
    98 | D        | Reached ** piety under Makhleb
    98 | D        | Reached skill level 15 in Maces & Flails
    98 | D        | Reached skill level 1 in Armour
    98 | D        | Reached XP level 6. HP: 44/44 MP: 6/6
    98 | D        | Reached XP level 7. HP: 50/50 MP: 7/7
   100 | D        | Killed a rust devil
   100 | D        | Gained mutation: You have a pair of small horns on your
                  | head. [demonic ancestry]
   100 | D        | Reached XP level 8. HP: 56/56 MP: 8/8
   103 | D        | Reached *** piety under Makhleb
   109 | D        | Entered arena 5.
   109 | D        | Found a transporter.
   111 | D        | Reached skill level 16 in Maces & Flails
   116 | D        | Reached **** piety under Makhleb
   135 | D        | Entered arena 6.
   135 | D        | Found a transporter.
   143 | D        | Reached ***** piety under Makhleb
   203 | D        | Entered arena 7.
   203 | D        | Noticed a thrashing horror
   204 | D        | Noticed a tentacled starspawn
   208 | D        | Demolished by a tentacled starspawn

Skill      XL: |  1  2  3  4  5  6  7  8 |
---------------+-------------------------+-----
Maces & Flails | 7 11 15 16 | 16.8
Armour         | 1 |  1.1
Fighting       | |  2.0
Throwing       | |  1.7
Dodging        | |  2.6

Action                   |  1- 3 |  4- 6 |  7- 9 || total
-------------------------+-------+-------+-------++-------
Melee: Maul              |     1 |     6 |    22 ||    29
       Headbutt          |       |       |     2 ||     2
  Use: Potion            |     1 |       |       ||     1
Armor: Plate armour      |       |     8 |    73 ||    81
Dodge: Dodged            |       |     1 |    33 ||    34
Block: Other             |       |       |     5 ||     5
